cohdb
Replays
Latest Replays
All Replays
Popular Replays
Top Player Replays
Match Explorer
How It Works
Community
CoH3 Stats
Reddit
Sign in to upload your games and track your stats! →
Sign in with Steam
Match 43299086
Unlisted
Match 43299086
Overview
Messages
Build Orders
End
Construct Section Command Post
Selects Heavy Armor Battlegroup
Dingo Light Scout Car
Infantry Section
Vickers Machine Gun Team
Selects Light Vehicle Withdraw and Refit
Infantry Section
Light Vehicle Withdraw and Refit
Construct Platoon Command Post
Infantry Section
Humber Armored Car
Infantry Section
Humber Armored Car
CMP 15cwt Truck
Selects Engineer Detachments
Royal Engineer Section
Selects Radio Net
Construct Company Command Post
Crusader II Medium Tank
Royal Engineer Section
Crusader II Medium Tank
Royal Engineer Section
Royal Engineer Section
Selects Recon Artillery
Crusader II Medium Tank
Recon Artillery
Selects Forward Repair Assembly
Royal Engineer Section
Crusader II Medium Tank
Crusader II Medium Tank
Foot Guards Section
Crusader II Medium Tank
Recon Artillery
达拉姆第一开矿者卡尔大理石
Sir Steffen
DuckPuncher
Dinglebop
simranjitsingh713
daveh2k
Silianu
soiweg
0
0
Comments
sign in to comment!
No comments posted yet!